 Dungeon Crawl Stone Soup version 0.32-a0-994-gabb26cbae4 (webtiles) character file.

Game seed: 5480368331357777393

18693 anKLM the Covert (level 12, -13/94 HPs)
             Began as a Vampire Enchanter on Apr 21, 2024.
             Was an Elder of Ashenzari.
             Killed from afar by Frances (29 damage)
             ... with an iron shot
             ... on level 12 of the Dungeon on Apr 22, 2024.
             The game lasted 00:40:25 (11629 turns).

anKLM the Covert (Vampire Enchanter)               Turns: 11629, Time: 00:40:25

Health: -13/94     AC: 10    Str:  7    XL:     12   Next: 30%
Magic:  27/35      EV: 20    Int: 23    God:    Ashenzari [****..]
Gold:   467        SH:  0    Dex: 20    Spells: 3/32 levels left

rFire   . . .        a - +2 dagger "Gnosis of Ashenzari" {venom, Self, Range} (curse)
rCold   . . .        (no shield)
rNeg    . . .        C - +0 steam dragon scales of Ashenzari's Regret {Range, Bglg} (curse)
rPois   .            B - +1 hat "Ensconced Together" {Cun, Fort} (curse)
rElec   .            I - +1 cloak "Stickiness of Ashenzari" {Self, Melee} (curse)
rCorr   .            l - +1 pair of gloves "Discomfort of Ashenzari" {hurl, Comp, Melee} (curse)
SInv    +            (no boots)
Will    +....        (no amulet)
Stlth   ++++++       d - ring "Oracular Unpleasantness" {Dex+6, Cun, Comp} (curse)
HPRegen 0.55/turn    i - ring of magical power
MPRegen 0.24/turn

%: clarity
@: confusing by touch, healing quickly
A: alive, fangs 3, see invisible, vampiric 2
a: Exsanguinate, Renounce Religion, Curse Item, Shatter the Chains


You were on level 12 of the Dungeon.
You worshipped Ashenzari.
Ashenzari was greatly pleased with you.
You visited 1 branch of the dungeon, and saw 12 of its levels.

You collected 805 gold pieces.
You spent 338 gold pieces at shops.

Inventory:

Hand Weapons
 a - the cursed +2 dagger "Gnosis of Ashenzari" (weapon) {venom, Self, Range}

   It has a curse which improves the following skills: Introspection: Fighting
   and Spellcasting.
   Ranged Combat: Ranged Weapons and Throwing.
 n - a +1 short sword of venom
 p - a +0 rapier
Missiles
 q - 22 poisoned darts (quivered)
 t - 5 throwing nets
 N - 3 curare-tipped darts
Armour
 l - the cursed +1 pair of gloves "Discomfort of Ashenzari" (worn) {hurl, Comp, Melee}
   (You found it on level 2 of the Dungeon)

   It has a curse which improves the following skills: Companions: Summonings
   and Necromancy.
   Melee Combat: Short Blades, Long Blades, Axes, Maces & Flails, Polearms,
   Staves and Unarmed Combat.
 B - the cursed +1 hat "Ensconced Together" (worn) {Cun, Fort}
   (You took it off Gastronok on level 8 of the Dungeon)

   It has a curse which improves the following skills: Cunning: Dodging and
   Stealth.
   Fortitude: Armour and Shields.
 C - the cursed +0 steam dragon scales of Ashenzari's Regret (worn) {Range, Bglg}
   (You took it off Maggie on level 8 of the Dungeon)

   It has a curse which improves the following skills: Ranged Combat: Ranged
   Weapons and Throwing.
   Beguiling: Hexes and Translocations.
 I - the cursed +1 cloak "Stickiness of Ashenzari" (worn) {Self, Melee}
   (You found it on level 9 of the Dungeon)

   It has a curse which improves the following skills: Introspection: Fighting
   and Spellcasting.
   Melee Combat: Short Blades, Long Blades, Axes, Maces & Flails, Polearms,
   Staves and Unarmed Combat.
Jewellery
 b - a ring of flight
 d - the cursed ring "Oracular Unpleasantness" (left hand) {Dex+6, Cun, Comp}
   (You found it on level 1 of the Dungeon)

   [ring of dexterity]

   Dex+6:     It affects your dexterity (+6).
   It has a curse which improves the following skills: Cunning: Dodging and
   Stealth.
   Companions: Summonings and Necromancy.
 i - a ring of magical power (right hand)
 K - a +4 ring of protection
 M - a ring of positive energy
Talismans
 g - a dragon-blood talisman
Wands
 m - a wand of polymorph (2)
 v - a wand of paralysis (27)
 z - a wand of warping (10)
 D - a wand of flame (13)
 F - a wand of mindburst (1)
Scrolls
 e - a scroll of enchant armour
 s - 4 scrolls of fear
 y - 3 scrolls of amnesia
 A - 2 scrolls of revelation
 G - 2 scrolls of enchant weapon
 H - a scroll of poison
 L - a scroll of summoning
Potions
 c - 4 potions of invisibility
 f - 2 potions of heal wounds
 h - 4 potions of enlightenment
 j - 2 potions of curing
 k - 2 potions of attraction
 o - 2 potions of brilliance
 r - a potion of haste
 u - 2 potions of berserk rage
 w - 3 potions of degeneration
 x - 2 potions of mutation
 E - a potion of cancellation
 J - a potion of magic


   Skills:
 - Level 5.8(8.5) Fighting
 + Level 9.2(11.9) Short Blades
 + Level 9.4(12.1) Dodging
 + Level 13.4(16.0) Stealth
 + Level 7.9(10.6) Spellcasting
 + Level 12.3(14.0) Hexes
 - Level 5.6(8.3) Summonings
 - Level 2.6(4.8) Necromancy


You had 3 spell levels left.
You knew the following spells:

 Your Spells              Type           Power      Damage    Failure   Level
a - Ensorcelled Hibernat  Hex/Ice        88%        N/A       1%          2
b - Confusing Touch       Hex            67%        N/A       1%          3
c - Tukima's Dance        Hex            67%        N/A       1%          3
d - Cause Fear            Hex            33%        N/A       1%          4
e - Dispel Undead         Necr           34%        3d15      7%          4
f - Summon Cactus Giant   Summ           25%        N/A       26%         6
g - Summon Lightning Spi  Summ/Air       31%        N/A       10%         4
h - Teleport Other        Tloc           13%        N/A       14%         3

Your spell library contained the following spells:

 Spells                   Type           Power      Damage    Failure   Level
 Kiss of Death            Conj/Necr      92%        2d12      1%          1
 Sublimation of Blood     Necr           34%        N/A       1%          2
 Call Canine Familiar     Summ           50%        N/A       1%          3
 Dazzling Flash           Conj/Hex       88%        N/A       1%          3
 Sigil of Binding         Hex            67%        N/A       1%          3
 Sting                    Conj/Alch      48%        1d6       5%          1
 Lesser Beckoning         Tloc           26%        N/A       8%          2
 Mercury Vapours          Alch/Air       24%        N/A       8%          2
 Scorch                   Fire           24%        2d6       8%          2
 Static Discharge         Conj/Air       24%        3-4/arc   8%          2
 Maxwell's Portable Pile  Tloc           13%        2d(6-17)  14%         3
 Dimensional Bullseye     Hex/Tloc       22%        N/A       2%          4
 Curse of Agony           Necr           34%        N/A       21%         5
 Airstrike                Air            6%         2d(1-17)  45%         4
 Flame Wave               Conj/Fire      12%        2d6       45%         4
 Olgreb's Toxic Radiance  Alch           12%        N/A       45%         4
 Fireball                 Conj/Fire      6%         3d5       82%         5
 Rimeblight               Ice/Necr       11%        2d5       (prima100%   7
 Dragon's Call            Summ           25%        N/A       100%        9


Dungeon Overview and Level Annotations

Branches:
Dungeon (12/15)            Temple (0/1) D:5            Lair (0/5) D:11
    Orc (0/2) D:11

Altars:
Ashenzari
Gozag
Hepliaklqana
Kikubaaqudgha
Makhleb
Okawaru
Ru
Trog
Uskayaw
Vehumet
Xom

Shops:
D:2 =   D:9 [   D:10 :[[(   D:12 =[*

Annotations:
D:9 exclusion: obsidian statue
D:12 Frances


Innate Abilities, Weirdness & Mutations

Your natural rate of healing is accelerated.
You have razor-sharp teeth.
You have supernaturally acute eyesight. (SInv)
You are afflicted with vampirism and can become a bat while bloodless.


Message History

Your lightning spire disappears in a puff of smoke!
You see here a yak corpse.
There is an open door here.
Frances sneers.
Frances attacks as she pursues you!
Frances hits you from afar with a +0 halberd of protection!!
Casting: Summon Lightning Spire (dangerous; 10% risk of failure)
Confirm with . or Enter, or press ? or * to list all spells.
Aiming: Tukima's Dance (safe; 1% risk of failure)
Press: ? - help, Shift-Dir - straight line, f - Frances
Aim: Frances, wielding a +0 halberd of protection and wearing a +3 leather armour of willpower (fast, chance to affect: 1%)
Okay, then.
Casting: Tukima's Dance (safe; 1% risk of failure)
Confirm with . or Enter, or press ? or * to list all spells.
Aiming: Ensorcelled Hibernation (safe; 1% risk of failure)
Press: ? - help, Shift-Dir - straight line, f - Frances
Aim: Frances, wielding a +0 halberd of protection and wearing a +3 leather armour of willpower (fast, chance to affect: 0%)
Okay, then.
Press: ? - help, v - describe, . - travel, g - get item
Here: Frances, wielding a +0 halberd of protection and wearing a +3 leather armour of willpower (fast) Item here: a yak corpse.
The floor, spattered with blood.
Casting: Ensorcelled Hibernation (safe; 1% risk of failure)
Confirm with . or Enter, or press ? or * to list all spells.
Aiming: Teleport Other (dangerous; 14% risk of failure)
Press: ? - help, Shift-Dir - straight line, f - Frances
Aim: Frances, wielding a +0 halberd of protection and wearing a +3 leather armour of willpower (fast, chance to affect: 0%)
Okay, then.
Casting: Teleport Other (dangerous; 14% risk of failure)
Confirm with . or Enter, or press ? or * to list all spells.
Your hands begin to glow red.
Frances hits you from afar with a +0 halberd of protection!
Frances hits you from afar with a +0 halberd of protection!!
Frances hits you with a +0 halberd of protection!
* * * LOW HITPOINT WARNING * * *
There is an open door, spattered with blood here.
You hit Frances but do no damage.
Frances chants phrases taken from a devil's mouth.
The iron shot hits you!!
You die...

...........# #.#.#'##...#.# #....
...........###.###.####.#.###....
.............###...## #.#.#......
.............'...⌠..# #.#.#......
.............##.⌠∩⌠.###...#......
...........####..⌠...'.##........
...........# ##...###......††...
...........# #.###*#######.....
...........# #@#,....,,,*##....
,..........#####@#......,,* #....
,,,,...........YY.........###....
,,,,,,......Y..∩.................
,,,,,,....................#######
,,,,,,..................,,* #
,,,,,,....................* ###
,,,,,,.....###.###........#####..
,,,,,,.....**#.#**#######..#.....


You could see Frances (fast) and 2 yaks.

Vanquished Creatures
  Gastronok (D:8)
  Harold (D:9)
  Amaemon (D:10)
  Maurice (D:9)
  A cyclops (D:8)
  Joseph (D:7)
  Maggie (D:8)
  3 kobold demonologists
  A komodo dragon (D:7)
  An unseen horror (D:12)
  3 trolls
  9 slime creatures (D:12)
  A vampire (D:10)
  2 wraiths
  6 wyverns
  A shadow (D:10)
  11 yaks
  Grum (D:9)
  A steam dragon (D:9)
  5 water moccasins
  Duvessa (D:6)
  An acid dragon (D:10)
  3 orc warriors
  An ice beast (D:8)
  A sky beast (D:6)
  3 black bears (D:5)
  7 centaurs
  2 wolves (D:9)
  2 ogres
  A phantom (D:5)
  Blork the orc (D:4)
  2 kobold brigands
  3 bullfrogs
  A scorpion (D:5)
  4 gnoll sergeants
  2 wights (D:10)
  Dowan (D:6)
  4 killer bees
  4 electric eels
  8 howler monkeys
  3 orc priests
  11 hounds
  A jelly (D:6)
  2 sleepcaps
  Terence (D:2)
  2 gnoll boudas
  2 iguanas
  Ijyb (D:5)
  7 orc wizards
  18 gnolls
  5 adders
  A white imp (D:8)
  2 ufetubi (D:7)
  A ribbon worm (D:4)
  3 dart slugs
  30 orcs
  9 endoplasms
  2 giant cockroaches
  6 goblins
  10 hobgoblins
  A jackal (D:8)
  3 quokkas
  7 ball pythons
  5 bats
  4 frilled lizards
  11 kobolds
  5 rats
257 creatures vanquished.

Vanquished Creatures (collateral kills)
  2 two-headed ogres (D:10)
  A deep elf pyromancer (D:11)
  An orange demon (D:11)
  Jeremiah (D:6)
  A troll (D:11)
  A yak (D:12)
  3 orc warriors (D:11)
  3 gnoll sergeants (D:11)
  2 kobold brigands (D:11)
  7 wights
  A howler monkey (D:8)
  4 gnolls
  5 orcs (D:11)
  6 kobolds
38 creatures vanquished.

Vanquished Creatures (others)
  A two-headed ogre (D:10)
  3 dancing weapons
  A centaur (D:10)
  A wight (D:10)
  An orc wizard (D:10)
  An orc (D:9)
8 creatures vanquished.

Grand Total: 303 creatures vanquished

Notes
Turn   | Place    | Note
-------+----------+-------------------------------------------
     0 | D:1      | anKLM the Vampire Enchanter began the quest for the Orb.
     0 | D:1      | Reached XP level 1. HP: 13/13 MP: 3/3
   193 | D:1      | Reached XP level 2. HP: 19/19 MP: 5/5
   196 | D:1      | Learned a level 2 spell: Ensorcelled Hibernation
   696 | D:2      | Noticed Terence
   710 | D:2      | Gained mutation: You are afflicted with vampirism and can
                  | become a bat while bloodless. [Vampire growth]
   710 | D:2      | Reached XP level 3. HP: 19/25 MP: 3/6
   717 | D:2      | Killed Terence
   718 | D:2      | Reached skill level 1 in Fighting
   718 | D:2      | Reached skill level 5 in Stealth
   729 | D:2      | Learned a level 3 spell: Confusing Touch
   835 | D:2      | Reached XP level 4. HP: 32/32 MP: 4/7
   901 | D:2      | Reached skill level 5 in Hexes
   921 | D:2      | Found Gunleb's Jewellery Shop.
  1227 | D:2      | Found a radiant altar of Vehumet.
  1464 | D:3      | Reached XP level 5. HP: 11/37 MP: 4/9
  2152 | D:3      | Learned a level 3 spell: Tukima's Dance
  2212 | D:4      | Noticed an ogre
  2218 | D:4      | Killed an ogre
  2354 | D:4      | Reached XP level 6. HP: 25/44 MP: 10/10
  2553 | D:4      | Reached skill level 6 in Stealth
  2638 | D:4      | Noticed Blork the orc
  2643 | D:4      | Killed Blork the orc
  2698 | D:4      | Found a burning altar of Makhleb.
  2751 | D:4      | Learned a level 3 spell: Sigil of Binding
  2864 | D:4      | Reached XP level 7. HP: 48/51 MP: 12/12
  2965 | D:4      | Found a broken altar of Ashenzari.
  3189 | D:4      | Became a worshipper of Ashenzari the Shackled
  3224 | D:5      | Entered Level 5 of the Dungeon
  3253 | D:5      | Found an iron altar of Okawaru.
  3257 | D:5      | Found a sacrificial altar of Ru.
  3282 | D:5      | Found a staircase to the Ecumenical Temple.
  3300 | D:5      | Learned a level 4 spell: Cause Fear
  3366 | D:5      | Reached skill level 7 in Stealth
  3380 | D:5      | Noticed Ijyb
  3385 | D:5      | Killed Ijyb
  3665 | D:5      | Found a bloodstained altar of Trog.
  3672 | D:5      | Reached XP level 8. HP: 58/58 MP: 13/13
  4027 | D:6      | Noticed Jeremiah
  4228 | D:6      | Killed Jeremiah
  4229 | D:6      | Reached skill level 5 in Dodging
  4229 | D:6      | Reached skill level 8 in Stealth
  4465 | D:6      | Paralysed by an orc for 4 turns
  4557 | D:6      | Noticed Dowan
  4587 | D:6      | Reached * piety under Ashenzari
  4699 | D:6      | Noticed Duvessa
  4742 | D:6      | Reached skill level 5 in Short Blades
  4763 | D:6      | Killed Duvessa
  4773 | D:6      | Killed Dowan
  4831 | D:6      | Reached XP level 9. HP: 67/67 MP: 5/17
  4842 | D:6      | Learned a level 4 spell: Dispel Undead
  5203 | D:7      | Noticed a komodo dragon
  5224 | D:7      | Killed a komodo dragon
  5225 | D:7      | Reached skill level 9 in Stealth
  5225 | D:7      | Reached skill level 1 in Necromancy
  5310 | D:6      | Reached skill level 1 in Summonings
  5329 | D:7      | Reached skill level 5 in Spellcasting
  5487 | D:7      | Noticed Joseph
  5492 | D:7      | Killed Joseph
  5695 | D:7      | Found a hazy altar of Hepliaklqana.
  5757 | D:7      | Reached ** piety under Ashenzari
  5760 | D:7      | Noticed a +0 short sword
  5761 | D:7      | Noticed a +0 spear
  5761 | D:7      | Noticed a +0 short sword
  5761 | D:7      | Noticed a +0 falchion
  5775 | D:7      | Noticed a +0 spear
  5775 | D:7      | Noticed a +0 falchion
  5775 | D:7      | Noticed a +0 dagger
  5776 | D:7      | Noticed a +0 dagger
  5779 | D:7      | Found a hide-covered altar of Uskayaw.
  6073 | D:8      | Noticed Gastronok
  6093 | D:8      | Killed Gastronok
  6094 | D:8      | Reached skill level 5 in Fighting
  6094 | D:8      | Reached skill level 10 in Stealth
  6094 | D:8      | Reached XP level 10. HP: 59/76 MP: 20/20
  6143 | D:8      | Noticed Maggie
  6146 | D:8      | Killed Maggie
  6163 | D:8      | Found an opulent altar of Gozag.
  6582 | D:8      | Learned a level 6 spell: Summon Cactus Giant
  7221 | D:8      | Noticed a cyclops
  7228 | D:8      | Killed a cyclops
  7488 | D:9      | Noticed Grum
  7500 | D:9      | Killed Grum
  7501 | D:9      | Reached skill level 10 in Hexes
  7597 | D:9      | Noticed Maurice
  7614 | D:9      | Reached skill level 11 in Stealth
  7622 | D:9      | Killed Maurice
  7810 | D:9      | Reached *** piety under Ashenzari
  7820 | D:9      | Noticed an obsidian statue
  7825 | D:9      | Noticed a sixfirhy
  7873 | D:9      | Found Peroij's Armour Shoppe.
  8007 | D:9      | Reached XP level 11. HP: 86/86 MP: 23/23
  8015 | D:9      | Found a burning altar of Makhleb.
  8015 | D:9      | Noticed a cacodemon
  8045 | D:9      | Noticed Harold
  8149 | D:9      | Killed Harold
  8611 | D:10     | Entered Level 10 of the Dungeon
  8700 | D:10     | Noticed a two-headed ogre
  8736 | D:10     | Found an ancient bone altar of Kikubaaqudgha.
  8898 | D:10     | Found Jesmiare's Book Shop.
  8900 | D:10     | Found Dueptuva's Armour Boutique.
  8909 | D:10     | Found Masyum's Antique Armour Boutique.
  8938 | D:10     | Noticed a nameless horror
  8945 | D:10     | Found Sentaex's Weapon Shop.
  9315 | D:10     | Bought a book of Storms for 338 gold pieces
  9320 | D:10     | Learned a level 4 spell: Summon Lightning Spire
  9375 | D:10     | Found a shimmering altar of Xom.
  9375 | D:10     | Noticed a two-headed ogre
  9385 | D:10     | Killed a two-headed ogre
  9387 | D:10     | Noticed a two-headed ogre
  9403 | D:10     | Killed a two-headed ogre
  9406 | D:10     | Killed a two-headed ogre
  9550 | D:10     | Reached skill level 12 in Stealth
  9621 | D:10     | Reached skill level 5 in Summonings
  9711 | D:11     | Found a staircase to the Lair.
  9767 | D:11     | Noticed a deep elf pyromancer
  9791 | D:11     | Killed a deep elf pyromancer
  9812 | D:11     | Noticed a sixfirhy
  9941 | D:11     | Noticed Amaemon
  9964 | D:10     | Killed Amaemon
 10330 | D:11     | Learned a level 3 spell: Teleport Other
 10330 | D:11     | Reached **** piety under Ashenzari
 10428 | D:11     | Found a staircase to the Orcish Mines.
 10460 | D:11     | Reached XP level 12. HP: 80/94 MP: 24/26
 10789 | D:12     | Reached skill level 13 in Stealth
 10805 | D:12     | Found Lyigusch's Armour Shoppe.
 10942 | D:12     | Found Seull's General Store.
 11610 | D:12     | Found Jajigyka's Jewellery Boutique.
 11612 | D:12     | Noticed Frances
 11629 | D:12     | Killed from afar by Frances

Illustrated notes

Levels and vault maps discovered:
D:1:      dpeg_arrival_court, layout_basic, dreamdust_princess_corridor,
          serial_bayou_pond_c
D:2:      layout_rooms, basic_altar, serial_shops, shop,
          minmay_misc_feat_hallway, uniq_terence
D:3:      layout_basic
D:4:      layout_basic, kennysheep_mini, nicolae_overflow_hidden_temple,
          dreamdust_wishing_well, minivault_14, minmay_ruined_shrine,
          uniq_blork_the_orc
D:5:      layout_loops_ring, mainiacjoe_overflow_24_doors, trog_ov_bears_minmay,
          chequers_temple_overflow_statue_of_worship, minmay_temple_entry_hall,
          minmay_misc_feat_nine_boxes, uniq_ijyb
D:6:      layout_cave_pools, uniq_duvessa, uniq_jeremiah
D:7:      layout_loops_cross, mainiacjoe_overflow_brackets,
          nicolae_uskayaw_en_pointe, uniq_joseph
D:8:      layout_cave_pods, grunt_gozag_breadcrumbs, serial_gnoll_camp,
          gnoll_camp_mini_hut, gnoll_camp_mini_doghouse, gnoll_camp_mini_hut,
          gnoll_camp_mini_sergeant, chequers_big_river, minmay_circle_x,
          uniq_gastronok, uniq_maggie
D:9:      layout_loops_cross, makhleb_altar_promises_db, serial_shops, shop,
          minivault_16, uniq_harold, uniq_grum, uniq_maurice
D:10:     layout_loops_ring, mainiacjoe_overflow_small_starburst,
          xom_confusion_cloud, nicolae_shop_national_dungeon_mall
D:11:     layout_roguey, minmay_lair_entry_grove,
          kennysheep_orc_monster_closet_entryway, bh_walls_and_bars,
          uniq_amaemon
D:12:     layout_basic, serial_shops, shop, nicolae_shop_rolling_square,
          nicolae_shop_waterfront, nicolae_shop_real_fake_doors,
          nicolae_shop_pleasant_corner_grove, roderic_serpentine_path,
          uniq_frances

Skill      XL: |  1  2  3  4  5  6  7  8  9 10 11 12 |
---------------+-------------------------------------+-----
Fighting       | 1 2 3 4 5 |  5.8
Stealth        | 5 6 7 8 10 11 12 13 | 13.4
Hexes          | 5 6 8 9 10 11 12 | 12.3
Short Blades   | 2 3 4 5 6 7 8 9 |  9.2
Dodging        | 3 4 5 6 7 8 9 |  9.4
Spellcasting   | 3 4 5 6 7 |  7.9
Necromancy     | 2 |  2.6
Summonings     | 2 4 5 |  5.6

Action                     |  1- 3 |  4- 6 |  7- 9 | 10-12 || total
---------------------------+-------+-------+-------+-------++-------
  Melee: Dagger            |    74 |    91 |   134 |   335 ||   634
         Bite              |     6 |     6 |    13 |    42 ||    67
   Cast: Ensorcelled Hiber |    12 |    51 |    63 |    91 ||   217
         Sigil of Binding  |       |     2 |     1 |       ||     3
         Confusing Touch   |       |       |     6 |    10 ||    16
         Tukima's Dance    |       |       |    18 |    11 ||    29
         Cause Fear        |       |       |     2 |     6 ||     8
         Summon Lightning  |       |       |       |    10 ||    10
 Invoke: Curse Item        |       |       |     3 |     3 ||     6
    Use: Scroll            |     6 |     5 |     7 |     1 ||    19
   Stab: Sleeping          |    14 |    42 |    37 |    81 ||   174
         Confused          |       |       |     8 |     9 ||    17
         Distracted        |       |       |       |     3 ||     3
 Armour: Robe              |    37 |    50 |    88 |       ||   175
         Steam dragon scal |       |       |       |   185 ||   185
  Dodge: Dodged            |    39 |    43 |   134 |   253 ||   469

Table legend: (Time is in decaauts)
 A = Elapsed time spent in this place.
 B = Non-inter-level travel time spent in this place.
 C = Inter-level travel time spent in this place.
 D = Time resting spent in this place.
 E = Time spent auto-exploring this place.
 F = Levels seen in this place.
 G = Mean time per level.
                   A        B        C        D        E       F      G
               +--------+--------+--------+--------+--------+-----+--------+
         Total |  11454 |  11183 |    271 |    176 |   7820 |  12 |  954.5 |
       Dungeon |  11454 |  11183 |    271 |    176 |   7820 |  12 |  954.5 |
               +--------+--------+--------+--------+--------+-----+--------+

Top non-repeatable levels by time:
     D:8: 1403 daAuts
     D:9: 1124 daAuts
    D:11: 1089 daAuts
     D:4: 1048 daAuts
    D:10: 1014 daAuts
     D:6: 1010 daAuts
     D:5: 905 daAuts
     D:7: 880 daAuts
     D:3: 837 daAuts
    D:12: 818 daAuts
     D:2: 718 daAuts
     D:1: 604 daAuts
